[Event "Early-Titled-Tuesday-Blitz-November-28-2023"]
[Site "Chess.com"]
[Date "2023.11.28"]
[Round "9"]
[White "M1711"]
[Black "Witik"]
[Result "0-1"]
[WhiteElo "2605"]
[BlackElo "2795"]
[TimeControl "180+1"]
[EndTime "9:53:18 PST"]
[Termination "Witik won by checkmate"]

1. d4 Nf6 2. Bg5 d5 3. e3 c5 4. Bxf6 gxf6 5. dxc5 e6 6. c4 dxc4 7. Nd2 Bxc5 8. Bxc4 Nc6 9. Qh5 Qe7 10. Ngf3 Bd7 11. a3 O-O-O 12. b4 Bb6 13. O-O Kb8 14. Be2 Bc8 15.
Nc4 Bc7 16. Qh4 h5 17. b5 Na5 18. b6 axb6 19. Nd4 Nxc4 20. Bxc4 Rhg8 21. f3 Qc5 22. Rfc1 Qg5 23. Qxg5 fxg5 24. Rab1 Be5 25. Ne2 Rd2 26. Rxb6 g4 27. f4 Bd6 28. Rcb1 Bc5 29. R6b3 h4 30. Kf2 b6 31. a4 Kc7 32. Ke1 Rgd8 33. Nc3 Rxg2 34.
Ne4 Rxh2 35. a5 Rh1+ 36. Ke2 Rxb1 37. Rxb1 Bd7 38. axb6+ Bxb6 39. Rg1 Bc6 40. Ng5 h3 41. Rxg4 h2 42. Rh4 h1=Q 43. Rxh1 Bxh1 44. Nxf7 Ra8 45. Bxe6 Ra3 46. Kd2 Bxe3+ 47. Kc2 Bxf4 48. Bb3 Rxb3 49. Kxb3 Bd5+ 50. Kb4 Bxf7 51. Kc5 Be5 52. Kb5 Bd5 53.
Kc5 Bb7 54. Kc4 Kc6 55. Kb4 Kb6 56. Kc4 Bc6 57. Kb4 Bd5 58. Ka4 Kc5 59. Ka5 Bc3+ 60.
Ka4 Bc4 61. Ka3 Be5 62. Ka4 Bc7 63. Ka3 Kb5 64. Kb2 Kb4 65. Kc2 Bf4 66. Kd1 Kc3 67. Ke1 Be3 68. Kd1 Kd3 69. Ke1 Ke4 70. Kd1 Bd3 71. Ke1 Kf3 72. Kd1 Bf4 73. Ke1 Ke3 74. Kd1 Bg3 75. Kc1 Bf2 76. Kb2 Kd4 77. Kb3 Be1 78.
Kb2 Kc4 79. Kc1 Kc3 80. Kd1 Bh4 81. Kc1 Be2 82. Kb1 Kb3 83. Kc1 Bg5+ 84. Kb1 Bd3+ 85. Ka1 Bf6# 0-1

[Event "Early-Titled-Tuesday-Blitz-November-28-2023"]
[Site "Chess.com"]
[Date "2023.11.28"]
[Round "9"]
[White "Iskusnyh"]
[Black "crazy_m_attack"]
[Result "1/2-1/2"]
[WhiteElo "2545"]
[BlackElo "2444"]
[TimeControl "180+1"]
[EndTime "9:53:21 PST"]
[Termination "Game drawn by stalemate"]

1. d4 d5 2. c4 e6 3. Nf3 Nf6 4. g3 Be7 5. Bg2 O-O 6. O-O dxc4 7.
Na3 Bxa3 8. bxa3 Bd7 9. Ne5 Bc6 10. Nxc6 Nxc6 11. Bb2 Nd5 12. Rc1 c3 13. Ba1 Qd6 14. Qa4 Nb6 15. Qd1 Qxd4 16. Bxc6 Qxd1 17. Rfxd1 bxc6 18. Rxc3 Rfd8 19. Rdc1 Rd2 20. Rxc6 Rxa2 21. Rxc7 Rxe2 22.
a4 Ra2 23. Bd4 h6 24. Rb7 Rxa4 25. Bxb6 axb6 26. Rcc7 Rf8 27. Rxb6 Ra5 28. h4 h5 29. Rbc6 Rf5 30. Rc5 Rxc5 31. Rxc5 g6 32. Kg2 Ra8 33. Rc7 Ra2 34. Rb7 Kg7 35. Kf3 Ra3+ 36. Kg2 e5 37. Re7 Kf6 38. Rb7 Ke6 39. Rb6+ Kf5 40. Rb7 f6 41. Rb6 Ra2 42. Kf3 e4+ 43. Ke3 Ra3+ 44.
Ke2 g5 45. hxg5 fxg5 46. Rb4 h4 47. gxh4 gxh4 48. Kf1 Kf4 49. Rb8 h3 50. Rf8+ Kg5 51. Rg8+ Kf6 52. Kg1 Rf3 53. Re8 Rf4 54. Rf8+ Ke5 55.
Re8+ Kd4 56. Rh8 Rf3 57. Rd8+ Kc3 58. Rd7 Kc2 59. Re7 Kd3 60. Rd7+ Ke2 61. Re7 Rf4 62. Ra7 Rg4+ 63. Kh2 Kxf2 64. Kxh3 Rf4 65. Ra2+ Kf3 66.
Kh2 e3 67. Kg1 Rg4+ 68. Kf1 Rh4 69. Rf2+ Ke4 70. Rf8 Rf4+ 71. Rxf4+ Kxf4 72. Ke2 Ke4 73. Ke1 Kf3 74. Kf1 e2+ 75. Ke1 Ke3 1/2-1/2

[Event "Early-Titled-Tuesday-Blitz-November-28-2023"]
[Site "Chess.com"]
[Date "2023.11.28"]
[Round "9"]
[White "alexrustemov"]
[Black "BardArtem"]
[Result "1-0"]
[WhiteElo "2868"]
[BlackElo "2764"]
[TimeControl "180+1"]
[EndTime "9:53:24 PST"]
[Termination "alexrustemov won on time"]

1. d4 Nf6 2. c4 e6 3. Nf3 d5 4. Bg5 dxc4 5. Qa4+ Nbd7 6. Qxc4 a6 7. g3 b5 8. Qc6 Rb8 9. Bg2 Bb7 10. Qc2 h6 11. Bxf6 Nxf6 12. O-O Be7 13. Rd1 O-O 14. Ne5 Bxg2 15.
Kxg2 Qd5+ 16. Nf3 c5 17. dxc5 Qxc5 18. Qxc5 Bxc5 19. Nbd2 Rfd8 20. Nb3 Bb6 21. Ne5 Rbc8 22. Rxd8+ Rxd8 23. Rc1 Nd5 24. Rc6 Rb8 25. Nd7 Rb7 26. Rc8+ Kh7 27. Nf8+ Kg8 28. Nxe6+ Kh7 29. Nf8+ Kg8 30.
Nd7+ Kh7 31. Nxb6 Rxb6 32. Nc5 Rd6 33. Nd3 f6 34. Kf3 Nb6 35. Rc7 Nc4 36. b3 Nd2+ 37.
Kg2 Ne4 38. h4 Rd5 39. f3 Nd2 40. Nf4 Rd8 41. Rxg7+ Kxg7 42. Ne6+ Kf7 43. Nxd8+ Ke7 44. Nc6+ Kd6 45. Nd4 Kc5 46. Nc2 Nb1 47. Kf2 Nc3 48. a3 a5 49. g4 a4 50. bxa4 bxa4 51. Ke3 Kc4 52. Kd2 Nd5 53. e4 Nf4 54. Ne3+ Kb3 55. Nd5 Ng2 56. h5 Kxa3 57. Kc3 Nh4 58. f4 Ng2 59. f5 Ne1 60. Nxf6 Nf3 61. Nd5 Ne5 62. f6 Ka2 63. Kd4 Nf3+ 64. Ke3 Ne5 65. Kf4 Nf7 66. Nc3+ Kb3 67. Nxa4 Kxa4 68. e5 Kb5 69. e6 Kc6 70. exf7 Kd5 71. f8=Q Kd4 72. Qxh6 Kd3 73. f7 Ke2 74. f8=Q Kf2 75. Kg5+ Kg2 76. Qhf6 Kh3 77. Qf3+ Kh2 78. Q8f4+ 1-0

[Event "Early-Titled-Tuesday-Blitz-November-28-2023"]
[Site "Chess.com"]
[Date "2023.11.28"]
[Round "9"]
[White "Flaccidmoves"]
[Black "LeoLV10"]
[Result "1/2-1/2"]
[WhiteElo "2409"]
[BlackElo "2526"]
[TimeControl "180+1"]
[EndTime "9:53:24 PST"]
[Termination "Game drawn - insufficient material"]

1. Nf3 c5 2. g3 g6 3. Bg2 Bg7 4.
O-O Nc6 5. c4 d6 6. Nc3 e5 7. d3 Be6 8. Ne1 Nge7 9. Nc2 d5 10.
cxd5 Nxd5 11. Nxd5 Bxd5 12. Bxd5 Qxd5 13. Ne3 Qd7 14.
Bd2 O-O 15. Bc3 Rad8 16. Qb3 Kh8 17. Rac1 f5 18. a4 b6 19. Nc4 f4 20. Qb5 h6 21.
a5 Nd4 22. Qxd7 Nxe2+ 23. Kh1 Rxd7 24. Nxe5 Rd6 25. Nc4 Rxd3 26. Bxg7+ Kxg7 27. Rce1 f3 28. Ne5 Rd2 29. axb6 axb6 30. Nc4 Rc2 31. Nxb6 Rxb2 32. Nc4 Rc2 33. Ne5 Rf5 34. Nd3 h5 35. Ra1 Rd2 36.
Ra7+ Kh6 37. Nf4 Nxf4 38. gxf4 Rxf4 39. Rc7 Rc2 40. h3 Rf5 41. Kh2 Rg5 42. Rf7 Rg2+ 43. Kh1 Rgxf2 44. Rxf2 Rxf2 45. Kg1 Rg2+ 46. Kh1 Rd2 47.
Rxf3 c4 48. h4 Rd3 49. Rf4 c3 50. Rc4 c2 51. Rxc2 Rh3+ 52. Kg2 Rxh4 53. Rc8 Rg4+ 54.
Kh3 Ra4 55. Rb8 Ra3+ 56. Kh2 Rf3 57. Ra8 Kg5 58. Kg2 Rf5 59. Kg3 Rc5 60. Rb8 Rc3+ 61.
Kg2 h4 62. Rb5+ Kg4 63. Rb4+ Kh5 64. Kh2 g5 65. Rb8 Rc4 66. Ra8 Kg4 67. Kg1 Rc3 68. Ra5 h3 69. Kh1 Kh4 70. Ra8 Kg3 71. Ra1 g4 72.
Rb1 Rc2 73. Ra1 Rc3 74. Rb1 Re3 75. Ra1 Kf3 76. Rf1+ Kg3 77. Ra1 Kf2 78. Ra2+ Re2 79. Ra8 Re1+ 80. Kh2 g3+ 81. Kxh3 Rh1+ 82. Kg4 g2 83.
Ra2+ Kg1 84. Kg3 Kf1 85. Ra1+ Ke2 86. Ra2+ Kf1 87. Rxg2 Rg1 88. Rxg1+ Kxg1 1/2-1/2

[Event "Early-Titled-Tuesday-Blitz-November-28-2023"]
[Site "Chess.com"]
[Date "2023.11.28"]
[Round "9"]
[White "InitiatingASC"]
[Black "Truequitos"]
[Result "1-0"]
[WhiteElo "2360"]
[BlackElo "2488"]
[TimeControl "180+1"]
[EndTime "9:53:24 PST"]
[Termination "InitiatingASC won on time"]

1. d4 d5 2. c4 Nc6 3. Nc3 Nf6 4. cxd5 Nxd5 5. e4 Nxc3 6. bxc3 e5 7. Nf3 exd4 8.
cxd4 Bb4+ 9. Bd2 O-O 10. d5 Bxd2+ 11. Qxd2 Ne7 12. Bc4 Re8 13. O-O Ng6 14. h3 Ne5 15. Nxe5 Rxe5 16. Rae1 Qd6 17. Qd4 Re8 18. e5 Qb6 19. Qf4 Qc5 20. e6 fxe6 21. dxe6 Kh8 22. Qf7 Qe7 23. Qxe7 Rxe7 24. Rd1 g6 25. Rd8+ Kg7 26.
Rfd1 c6 27. R1d4 b5 28. Bb3 Bb7 29. R4d7 Kf6 30. Rxe7 Rxd8 31. Rxb7 a5 32. Rf7+ Ke5 33. a3 a4 34. Ba2 c5 35. Rd7 Re8 36. Bd5 b4 37. axb4 cxb4 38. Bc4 b3 39. Rb7 Kd4 40. Bb5 Rxe6 41. Bxa4 Re1+ 42. Kh2 Re2 43. Kg3 b2 44.
Bc6 Rc2 45. Bf3 Kc3 46. Be4 Rc1 47. f3 Re1 48. Kf4 h6 49. h4 Re2 50. g3 Rd2 51. Bxg6 Rd4+ 52. Be4 Rd8 53. g4 Rf8+ 54. Kg3 Rg8 55. Rb6 Rh8 56. h5 Rd8 57. Rxh6 Rb8 58. Rc6+ Kd4 59. Rd6+ Ke5 60. Rd1 Kf6 61. Re1 Kg5 62.
Bb1 Kh6 63. f4 Kg7 64. Kh4 Kh8 65.
Kg5 Rb5+ 66. f5 Rb6 67. f6 Rb5+ 68. Kg6 Rb8 69. g5 Rg8+ 70. Kf5 Rb8 71. Re5 Rf8 72. g6 Ra8 73. f7 Kg7 74. Re8 Ra5+ 75. Ke4 Ra4+ 76. Kd3 Rf4 77. f8=Q+ Rxf8 78. Rxf8 Kxf8 79. h6 Kg8 80. Kc3 Kh8 81. Kxb2 Kg8 82. Kc3 Kh8 83. Kd4 1-0

[Event "Early-Titled-Tuesday-Blitz-November-28-2023"]
[Site "Chess.com"]
[Date "2023.11.28"]
[Round "9"]
[White "szachuspl"]
[Black "viktorskliarov"]
[Result "0-1"]
[WhiteElo "2523"]
[BlackElo "2644"]
[TimeControl "180+1"]
[EndTime "9:53:26 PST"]
[Termination "viktorskliarov won on time"]

1. d4 Nf6 2. c4 e6 3. Nf3 b6 4. g3 Bb7 5. Bg2 Be7 6. O-O O-O 7. Nc3 Ne4 8. Qc2 Nxc3 9. Qxc3 d6 10. b4 a5 11. b5 Nd7 12. Bb2 Nf6 13. Nd2 Bxg2 14. Kxg2 d5 15. e3 Bb4 16. Qc2 Bxd2 17. Qxd2 dxc4 18.
a4 c6 19. Ba3 Re8 20. Rab1 c5 21. Rfd1 Qd5+ 22. f3 cxd4 23. Qxd4 Qxd4 24. Rxd4 Rac8 25. Rc1 c3 26. Rd3 c2 27. Rd2 Rc4 28. Rdxc2 Rxa4 29. Bd6 h5 30. e4 Rd4 31. Rc6 Nd7 32. R1c2 a4 33.
Kf2 e5 34. Ke3 Ra8 35. Bxe5 Rb4 36. Bd4 Rxb5 37. Rc7 Nc5 38. Bxc5 Rxc5 39. R7xc5 bxc5 40. Rxc5 a3 41. Rc1 a2 42. Ra1 Ra3+ 43. Kd4 Kf8 44. Kc4 Ke7 45. Kb4 Rxf3 46. Rxa2 Re3 47. Kc5 Rxe4 48. Kd5 Re6 49. Rf2 g6 50. Ra2 f5 51.
Ra8 Re2 52. h4 Re3 53. Ra7+ Kf6 54. Ra6+ Kg7 55. Rb6 Rxg3 56. Ke5 Re3+ 57. Kf4 Re4+ 58. Kg3 Rg4+ 59. Kh3 Ra4 60. Rc6 Kf7 61. Rb6 Re4 62. Rc6 Re3+ 63. Kg2 Re6 64. Rc5 Kf6 65. Kf3 Ra6 66.
Rb5 g5 67. hxg5+ Kxg5 68. Rb8 Ra3+ 69. Kg2 h4 70. Rg8+ Kf4 71. Rh8 h3+ 72. Kh2 Kg4 73. Rg8+ Kf4 74. Rh8 Ke4 75. Re8+ Kf3 76. Kxh3 f4 77.
Kh2 Kf2 78. Rb8 Ra2 0-1

[Event "Early-Titled-Tuesday-Blitz-November-28-2023"]
[Site "Chess.com"]
[Date "2023.11.28"]
[Round "9"]
[White "MikeSailer"]
[Black "Grammnik"]
[Result "0-1"]
[WhiteElo "2067"]
[BlackElo "2337"]
[TimeControl "180+1"]
[EndTime "9:53:41 PST"]
[Termination "Grammnik won by checkmate"]

1. d4 Nf6 2. Bg5 h6 3. Bxf6 exf6 4. e3 d5 5. Bd3 Bd6 6. h3 c6 7. Nf3 Be6 8. Nbd2 Nd7 9. c4 dxc4 10. Nxc4 Bc7 11. O-O O-O 12. Rc1 Re8 13. a3 a5 14.
Ncd2 Nf8 15. Ne4 Bd5 16. Nc3 Bxf3 17. Qxf3 Qd6 18. g3 g6 19. Ne4 Rxe4 20. Qxe4 Kg7 21. h4 h5 22. Rc5 Bb6 23. Rc2 Bc7 24.
Kg2 Nd7 25. Rd1 Nb6 26. Qf3 Rd8 27. Be2 Nd5 28. e4 Ne7 29. Rcd2 Qe6 30. Qc3 Qxe4+ 31. Bf3 Qf5 32. d5 Be5 33. Qc5 Nxd5 34. Bxd5 cxd5 35. Rxd5 Qe4+ 36. Kg1 Rxd5 37. Qxd5 Qc2 38. Rd2 Qc1+ 39. Kg2 Bxb2 40. Re2 Bxa3 41. Qxa5 Qc6+ 42. Kg1 Bc5 43. Qd8 b6 44. Re8 Bxf2+ 45. Kxf2 Qc2+ 46. Ke3 Qc3+ 47. Ke2 Qc2+ 48. Ke1 Qc1+ 49. Qd1 Qc3+ 50. Qd2 Qa1+ 51.
Kf2 Qa4 52. Re2 b5 53. Kg2 Qa8+ 54. Kh2 Qa6 55. Qb4 Qc6 56. Rb2 Qf3 57. Qxb5 Qd1 58. Qe2 Qc1 59. Rc2 Qb1 60. Qf2 Qa1 61. Re2 Qc3 62. Re3 Qd4 63. Rf3 Qa1 64. Qe3 Qb2+ 65. Rf2 Qa1 66. Qd3 Qe5 67. Qd2 Qa1 68. Qb2 Qa6 69. Qd4 Qe6 70. Re2 Qa6 71. Qe4 Qb6 72.
Qe3 Qc6 73. Rf2 Qa6 74. Qf3 Qb6 75. Re2 Qa6 76. Qe3 Qd6 77. Qe8 Qa6 78. Qe4 Qb6 79. Qe3 Qa6 80. Rf2 Qd6 81. Qf4 Qc6 82. g4 hxg4 83.
Qxg4 Qd6+ 84. Qg3 Qd4 85. Rg2 Qd5 86. Qg4 Qe5+ 87. Kh3 Qe3+ 88. Rg3 Qc1 89. h5 Qh1# 0-1

[Event "Early-Titled-Tuesday-Blitz-November-28-2023"]
[Site "Chess.com"]
[Date "2023.11.28"]
[Round "9"]
[White "GaiozNigalidze"]
[Black "Anton_Demchenko"]
[Result "1/2-1/2"]
[WhiteElo "2704"]
[BlackElo "2938"]
[TimeControl "180+1"]
[EndTime "9:54:30 PST"]
[Termination "Game drawn by repetition"]

1. d4 Nf6 2. c4 d6 3. Nc3 e5 4. Nf3 Nc6 5. g3 Be7 6. Bg2 O-O 7. O-O h6 8. d5 Nb8 9. e4 a5 10. a3 Nbd7 11. Be3 Ng4 12. Bd2 Nc5 13. Qc2 f5 14. b4 Nxe4 15. Nxe4 fxe4 16. Qxe4 Bf5 17. Qe2 axb4 18. axb4 Rxa1 19. Rxa1 Qc8 20. h3 Nf6 21. Kh2 Be4 22. Be3 b5 23. cxb5 Bxd5 24. Ra7 Bd8 25. Qc2 Qe6 26. Kg1 Be4 27. Qd1 Qd5 28. Qxd5+ Nxd5 29. Nd2 Bxg2 30. Kxg2 Nxb4 31. Nc4 Nc2 32. Bd2 Nd4 33.
b6 cxb6 34. Nxd6 b5 35. Bc3 Bf6 36. Rb7 Rd8 37. Nxb5 Nxb5 38. Rxb5 Re8 39. Bd2 Kf7 40. Be3 Kg6 41. Rb6 Rd8 42. h4 Kf5 43. Rb5 Rd3 44. Rb4 h5 45. Rb7 Ra3 46. Rb6 Rc3 47.
Rb5 Rc4 48. Rb6 Kg6 49. Rb7 Kf5 50. Rb6 Rc2 51. Rb5 Ke6 52. Rb6+ Kf7 53. Rb7+ Kg6 54. Rb5 Ra2 55. Rb6 Ra5 56. Rb4 Rd5 57. Kf3 Kf5 58.
Rb7 Ra5 59. Kg2 Ra4 60. Rb5 Ra3 61. Rc5 Rd3 62. Rb5 Rd1 63. Rb4 Rd5 64. Rb8 Ra5 65. Rh8 Kg6 66. Rb8 Rd5 67. Rb6 Rd3 68. Rb5 Rc3 69. Rb6 Rc4 70. Rb5 Kf5 71. Rb8 Rc6 72.
Rh8 Kg6 73. Rb8 Rd6 74. Rb5 Rd7 75. Rb6 Re7 76. Rb5 Re6 77. Rb7 Rc6 78. Rb5 Kf5 79. Rb4 Rc3 80. Rb5 Rd3 81. Rb6 Ra3 82. Rb8 Ra4 83.
Rh8 Kg6 84. Rb8 Rg4 85. Kf3 Kf5 86. Rh8 Kg6 87. Rb8 e4+ 88. Ke2 Kf5 89. Rb5+ Kg6 90. Rc5 Be7 91. Rc6+ Bf6 92. Rc5 Be7 93. Rc6+ Bf6 94.
Rb6 Kf5 95. Rb5+ Kg6 96. Rb4 Be7 97. Rb6+ Bf6 98. Rb5 Be7 99. Rb6+ Bf6 100. Ra6 Kf5 101. Ra5+ Kg6 102. Rb5 Be7 103. Rb6+ 1/2-1/2

[Event "Early-Titled-Tuesday-Blitz-November-28-2023"]
[Site "Chess.com"]
[Date "2023.11.28"]
[Round "10"]
[White "Zavgorodniy_Sergiy"]
[Black "DenLaz"]
[Result "0-1"]
[WhiteElo "2690"]
[BlackElo "3021"]
[TimeControl "180+1"]
[EndTime "9:57:33 PST"]
[Termination "DenLaz won by resignation"]

1. e4 c5 2. Nf3 e6 3. d3 Nc6 4. g3 g6 5. Bg5 Qb6 6. Nbd2 d6 7.
Bg2 Bg7 8. O-O h6 9. Be3 Nge7 10. Nc4 Qc7 11. d4 cxd4 12. Nxd4 Nxd4 13. Bxd4 e5 14. Bc5 dxc5 15. Nd6+ Kf8 16. f4 exf4 17. Kh1 Be6 18. Rxf4 Rd8 0-1

[Event "Early-Titled-Tuesday-Blitz-November-28-2023"]
[Site "Chess.com"]
[Date "2023.11.28"]
[Round "10"]
[White "Agibileg"]
[Black "zajka-molotok"]
[Result "0-1"]
[WhiteElo "2640"]
[BlackElo "2520"]
[TimeControl "180+1"]
[EndTime "9:57:47 PST"]
[Termination "zajka-molotok won by checkmate"]

1. d4 Nf6 2. Nc3 d5 3. Bf4 c5 4. e3 cxd4 5. exd4 a6 6. Nf3 Nc6 7. Be2 Bg4 8. O-O e6 9. h3 Bxf3 10. Bxf3 Bd6 11. Bg5 h6 12. Bh4 Qb6 13. Bxf6 gxf6 14.
Ne2 Qxb2 15. Rb1 Qxa2 16. Rxb7 Rb8 17. Rxb8+ Bxb8 18. Qd2 Qa3 19. c4 Qd6 20. cxd5 Qh2# 0-1

[Event "Early-Titled-Tuesday-Blitz-November-28-2023"]
[Site "Chess.com"]
[Date "2023.11.28"]
[Round "10"]
[White "parintele_chess"]
[Black "gpsji27"]
[Result "1-0"]
[WhiteElo "2210"]
[BlackElo "2301"]
[TimeControl "180+1"]
[EndTime "9:57:58 PST"]
[Termination "parintele_chess won by resignation"]

1. d4 d5 2. Nf3 Nf6 3. Bf4 c5 4. e3 Nc6 5. Nbd2 Bg4 6. c3 e6 7. Qb3 Qb6 8. Qxb6 axb6 9. Bb5 Nd7 10. h3 Bf5 11. g4 Bg6 12. Ne5 Ndxe5 13. Bxe5 f6 14. Bc7 Ra5 15. a4 Kf7 16. Bxb6 Ra8 17. Bxc6 bxc6 18. Bxc5 Bxc5 19. dxc5 Rhb8 20. b4 Bc2 21. a5 e5 22. Ra2 Bd3 23. f3 1-0

[Event "Early-Titled-Tuesday-Blitz-November-28-2023"]
[Site "Chess.com"]
[Date "2023.11.28"]
[Round "10"]
[White "Shuvalov"]
[Black "Arimin1329"]
[Result "1-0"]
[WhiteElo "2580"]
[BlackElo "2407"]
[TimeControl "180+1"]
[EndTime "9:58:02 PST"]
[Termination "Shuvalov won by resignation"]

1. d4 Nf6 2. c4 b6 3. f3 c5 4. d5 e6 5. e4 exd5 6. e5 Ng8 7. cxd5 d6 8. f4 Qc7 9. Nf3 Bg4 10.
Bb5+ Nd7 11. e6 fxe6 12. dxe6 Bxe6 13. Qe2 O-O-O 14. Qxe6 Nf6 15. O-O d5 16. Ne5 Bd6 17. Nf7 Ne4 18. Qxd5 Ndf6 19. Qa8+ 1-0

[Event "Early-Titled-Tuesday-Blitz-November-28-2023"]
[Site "Chess.com"]
[Date "2023.11.28"]
[Round "10"]
[White "FARIZA2018"]
[Black "Ron_Weasley_Chess"]
[Result "1-0"]
[WhiteElo "2539"]
[BlackElo "2418"]
[TimeControl "180+1"]
[EndTime "9:58:04 PST"]
[Termination "FARIZA2018 won by resignation"]

1. e4 c6 2. d4 d5 3. Nc3 dxe4 4.
Nxe4 Nf6 5. Qd3 Nbd7 6. Nf3 Nxe4 7. Qxe4 Nf6 8. Qd3 g6 9. Be2 Bg7 10. O-O O-O 11. c3 Bf5 12. Qd1 Qc7 13. Qb3 Rfd8 14.
Bc4 Nd5 15. Re1 b5 16. Bf1 a5 17. a4 bxa4 18. Qxa4 Rdb8 19. Bc4 Nb6 20. Qa2 Nxc4 21. Qxc4 Qd6 22. Ne5 Rc8 23. Qxf7+ Kh8 24. Bf4 Be6 25.
Nxg6+ hxg6 26. Rxe6 Rf8 27. Qxf8+ 1-0

[Event "Early-Titled-Tuesday-Blitz-November-28-2023"]
[Site "Chess.com"]
[Date "2023.11.28"]
[Round "10"]
[White "Matols"]
[Black "whitemirrorninja"]
[Result "0-1"]
[WhiteElo "2371"]
[BlackElo "2516"]
[TimeControl "180+1"]
[EndTime "9:58:21 PST"]
[Termination "whitemirrorninja won by resignation"]

1. d4 Nf6 2. c4 b6 3. g3 Bb7 4. Nf3 g6 5. Bg2 Bg7 6. O-O O-O 7. Nc3 Ne4 8. Qc2 Nxc3 9. Qxc3 Be4 10. Rd1 c5 11. Qe3 Bxf3 12. Qxf3 Nc6 13. d5 Ne5 14. Qe4 d6 15. h3 a6 16. a4 b5 17. axb5 axb5 18. Rxa8 Qxa8 19. cxb5 Qb7 20. f4 Nd7 21. Qxe7 Qxb5 22. e4 Qe2 23. Rf1 Nf6 24. Qxd6 Nxe4 25. Bxe4 Qxe4 26. f5 Bd4+ 27. Kh2 Qe2+ 0-1

[Event "Early-Titled-Tuesday-Blitz-November-28-2023"]
[Site "Chess.com"]
[Date "2023.11.28"]
[Round "10"]
[White "vishwa_vijeta"]
[Black "Leonid_Starozhilov"]
[Result "0-1"]
[WhiteElo "2573"]
[BlackElo "2753"]
[TimeControl "180+1"]
[EndTime "9:58:23 PST"]
[Termination "Leonid_Starozhilov won by resignation"]

1. e4 c6 2. d4 d5 3. Nd2 dxe4 4. Nxe4 Nf6 5. Nxf6+ exf6 6. c3 Bd6 7. Bd3 h5 8.
Qc2 Na6 9. Ne2 Nc7 10. c4 Kf8 11. Be3 Bg4 12. h3 Bxe2 13. Bxe2 Bb4+ 14. Bd2 Bxd2+ 15. Qxd2 g6 16. O-O Kg7 17. Bf3 Re8 18. Rad1 Qd6 19. b3 Rad8 20. Qb2 Ne6 21. h4 Nxd4 22. Bd5 Ne2+ 0-1

[Event "Early-Titled-Tuesday-Blitz-November-28-2023"]
[Site "Chess.com"]
[Date "2023.11.28"]
[Round "10"]
[White "masterofpuppets2"]
[Black "Aleksandar-Topalov"]
[Result "1-0"]
[WhiteElo "2520"]
[BlackElo "2393"]
[TimeControl "180+1"]
[EndTime "9:58:25 PST"]
[Termination "masterofpuppets2 won by resignation"]

1. d4 Nf6 2. c4 c5 3. d5 d6 4. Nc3 g6 5. g3 Bg7 6. Bg2 O-O 7.
Nh3 Na6 8. O-O Nc7 9. Rb1 Rb8 10. b4 cxb4 11. Rxb4 Na6 12. Rb1 Nc5 13. Nb5 a6 14.
Nd4 Bf5 15. Ra1 Nfe4 16. Bb2 Nf6 17. Qc1 Na4 18. Ba3 Qc8 19. Nf4 Nxd5 20. Nxd5 Bxd4 21.
Nxe7+ 1-0

[Event "Early-Titled-Tuesday-Blitz-November-28-2023"]
[Site "Chess.com"]
[Date "2023.11.28"]
[Round "10"]
[White "Felix-Rose"]
[Black "AccioChess"]
[Result "1/2-1/2"]
[WhiteElo "2344"]
[BlackElo "2469"]
[TimeControl "180+1"]
[EndTime "9:58:37 PST"]
[Termination "Game drawn by repetition"]

1. e4 c5 2. Nf3 d6 3. d4 cxd4 4. Nxd4 Nf6 5. Nc3 a6 6. h3 e5 7. Nde2 Be6 8. g4 d5 9. exd5 Nxd5 10. Bg2 Nxc3 11. Qxd8+ Kxd8 12. Nxc3 Nc6 13. Be3 Bb4 14. O-O-O+ Ke7 15. Nd5+ Bxd5 16. Bxd5 Rhd8 17. c3 Bd6 18. g5 Rd7 19. Rd2 Rad8 20. Rhd1 f5 21. gxf6+ gxf6 22. Bb6 Bc7 23. Bc5+ Bd6 24. Bb6 Bc7 25. Bc5+ Bd6 26.
Be3 Bc7 27. Bc5+ 1/2-1/2

[Event "Early-Titled-Tuesday-Blitz-November-28-2023"]
[Site "Chess.com"]
[Date "2023.11.28"]
[Round "10"]
[White "Barmen_EV"]
[Black "DarZay"]
[Result "1-0"]
[WhiteElo "2476"]
[BlackElo "2245"]
[TimeControl "180+1"]
[EndTime "9:58:44 PST"]
[Termination "Barmen_EV won by resignation"]

1. d4 d5 2. c4 e6 3. Nc3 Be7 4. cxd5 exd5 5. Bf4 c6 6. e3 Bf5 7. Nge2 Nf6 8. Ng3 Bg6 9. h4 h6 10. h5 Bh7 11. Bd3 Nbd7 12. Bxh7 Nxh7 13. Nf5 Bf6 14. Qg4 Ndf8 15. Nd6+ Ke7 16. O-O-O Ne6 17.
Nf5+ Kf8 18. Bd6+ Ke8 19. Ba3 b5 20. Nd6+ Kd7 21. Nxf7 Qa5 22. Nxh8 b4 23. Bxb4 Qxb4 24. Ng6 Rb8 25. Rd2 c5 26. Nf4 Ng5 27. Nfxd5 Qc4 28. Nxf6+ gxf6 29. dxc5+ 1-0

[Event "Early-Titled-Tuesday-Blitz-November-28-2023"]
[Site "Chess.com"]
[Date "2023.11.28"]
[Round "10"]
[White "GiorgianBarbosa"]
[Black "MightyGMpretender"]
[Result "0-1"]
[WhiteElo "2523"]
[BlackElo "2808"]
[TimeControl "180+1"]
[EndTime "9:58:52 PST"]
[Termination "MightyGMpretender won by resignation"]

1. d4 Nf6 2. Nf3 d5 3. e3 c6 4. Bd3 Bg4 5. Nbd2 Nbd7 6. c4 e6 7. O-O Bd6 8. h3 Bh5 9. b3 O-O 10. Bb2 Qe7 11. Qc2 e5 12. dxe5 Nxe5 13. Nxe5 Bxe5 14.
Bxe5 Qxe5 15. Rfe1 Rad8 16. Rac1 Qe7 17. Nf1 Bg6 18.
Bxg6 hxg6 19. Ng3 dxc4 20. Qxc4 Rd2 21. Rc2 Rfd8 22. Rxd2 Rxd2 23. Re2 Rd1+ 24. Kh2 a5 25. Qc2 Ng4+ 0-1

[Event "Early-Titled-Tuesday-Blitz-November-28-2023"]
[Site "Chess.com"]
[Date "2023.11.28"]
[Round "10"]
[White "LeoWin2012"]
[Black "copanchess"]
[Result "1-0"]
[WhiteElo "2246"]
[BlackElo "2167"]
[TimeControl "180+1"]
[EndTime "9:58:54 PST"]
[Termination "LeoWin2012 won by resignation"]

1. e4 e5 2. Nf3 Nc6 3. d4 exd4 4. Nxd4 Nf6 5. Nc3 Bb4 6. Nxc6 bxc6 7. Bd3 d5 8. exd5 cxd5 9. O-O O-O 10. Bg5 c6 11.
Qf3 Bd6 12. Rae1 Rb8 13. b3 Bb4 14. Bd2 Bg4 15. Qg3 d4 16. Ne4 Nxe4 17. Rxe4 Bf5 18. Bxb4 Bxe4 19. Bxf8 Qxf8 20. Bxe4 Rc8 21. Rd1 c5 22. Qh3 g6 23. Bd5 Rd8 24. Bc4 Qd6 25. Qf3 Rf8 26. h3 Kg7 27. Qd5 Qf4 28. Qxc5 h5 29.
Qxd4+ Qxd4 30. Rxd4 1-0

[Event "Early-Titled-Tuesday-Blitz-November-28-2023"]
[Site "Chess.com"]
[Date "2023.11.28"]
[Round "10"]
[White "BardArtem"]
[Black "Viacheslav92"]
[Result "1-0"]
[WhiteElo "2768"]
[BlackElo "2566"]
[TimeControl "180+1"]
[EndTime "9:59:00 PST"]
[Termination "BardArtem won by resignation"]

1. e4 e5 2. d4 exd4 3. Qxd4 Nc6 4. Qd3 Nf6 5. Nc3 Bb4 6. Bd2 O-O 7. Nge2 Re8 8.
O-O-O d6 9. Bg5 h6 10. Bxf6 Qxf6 11. Nd5 Qd8 12. Nxb4 Nxb4 13. Qd2 a5 14. a3 Nc6 15. Nc3 Be6 16. f4 Qf6 17. Rg1 g5 18. f5 Bd7 19.
Nd5 Qd8 20. h4 f6 21. hxg5 fxg5 22. Rh1 Kh7 23. Qc3 Ne5 24. Qh3 Nf7 25. Qh5 Rf8 26. Qg6+ Kh8 27. Nf6 1-0

[Event "Early-Titled-Tuesday-Blitz-November-28-2023"]
[Site "Chess.com"]
[Date "2023.11.28"]
[Round "10"]
[White "Aygehovit1992"]
[Black "SnekkerAndersen"]
[Result "1-0"]
[WhiteElo "2732"]
[BlackElo "2547"]
[TimeControl "180+1"]
[EndTime "9:59:01 PST"]
[Termination "Aygehovit1992 won by resignation"]

1. d4 e6 2. c4 d5 3. Nc3 Nf6 4. Nf3 Be7 5. Bg5 O-O 6. e3 Nbd7 7. Qc2 h6 8. h4 c5 9. O-O-O cxd4 10. Nxd4 Nb6 11.
Bxf6 Bxf6 12. g4 Bxd4 13. Rxd4 e5 14. Rd2 d4 15. g5 Be6 16. gxh6 Qf6 17. hxg7 Rfc8 18.
Ne4 Qxg7 19. c5 Nd5 20. exd4 Kh8 21. dxe5 Qxe5 22. Ng5 Rxc5 23. Qxc5 Rc8 24. Qxc8+ 1-0

[Event "Early-Titled-Tuesday-Blitz-November-28-2023"]
[Site "Chess.com"]
[Date "2023.11.28"]
[Round "10"]
[White "Hovik_Hayrapetyan"]
[Black "Zhigalko_Sergei"]
[Result "0-1"]
[WhiteElo "2810"]
[BlackElo "2919"]
[TimeControl "180+1"]
[EndTime "9:59:06 PST"]
[Termination "Zhigalko_Sergei won by resignation"]

1. d4 Nf6 2. c4 e6 3. Nc3 Bb4 4. e3 O-O 5. Bd3 d5 6. cxd5 exd5 7. a3 Bd6 8. Qc2 c6 9. Nge2 Re8 10. f3 c5 11. dxc5 Bxc5 12. Nb5 Bb6 13. Nbd4 Nc6 14. Nxc6 bxc6 15. Qxc6 Bd7 16. Qc3 Rc8 17. Qb3 Rb8 18.
Qc3 d4 19. exd4 Nd5 20. Qc2 Qh4+ 21. Kf1 Bxd4 22. g3 Qh3+ 23. Ke1 Qg2 0-1

[Event "Early-Titled-Tuesday-Blitz-November-28-2023"]
[Site "Chess.com"]
[Date "2023.11.28"]
[Round "10"]
[White "Kostukov_Alex"]
[Black "kai_nov"]
[Result "1-0"]
[WhiteElo "2398"]
[BlackElo "2232"]
[TimeControl "180+1"]
[EndTime "9:59:06 PST"]
[Termination "Kostukov_Alex won by resignation"]

1. g3 e5 2. Bg2 d5 3. c4 Nf6 4.
cxd5 Nxd5 5. Nf3 Nc6 6. O-O Be7 7.
d4 e4 8. Ne5 Nxe5 9. dxe5 Bf5 10. Bxe4 Bxe4 11. Qa4+ c6 12. Qxe4 O-O 13. Rd1 Qb6 14. Nd2 Rad8 15. Nc4 Nc3 16. Rxd8 Rxd8 17. bxc3 Rd1+ 18. Kg2 Qc5 19. Be3 1-0